 Dungeon Crawl Stone Soup version 0.30-a0-122-g2a1322497e (webtiles) character file.

Game seed: 4617484427936478152

0 cheeselord the Caller (level 1, -2/14 HPs)
             Began as a Draconian Summoner on Sept 16, 2022.
             Slain by a hobgoblin (3 damage)
             ... on level 1 of the Dungeon.
             The game lasted 00:00:26 (65 turns).

cheeselord the Caller (Draconian Summoner)            Turns: 65, Time: 00:00:27

Health: -2/14      AC:  4    Str: 10    XL:     1   Next: 8%
Magic:  3/3        EV: 12    Int: 15    God:
Gold:   0          SH:  0    Dex: 11    Spells: 3/4 levels left

rFire   . . .      SeeInvis .    (no weapon)
rCold   . . .      Faith    .    (no shield)
rNeg    . . .      Spirit   .    (body armour unavailable)
rPois   .          Reflect  .    (helmet restricted)
rElec   .          Harm     .    (no cloak)
rCorr   .          Rampage  .    (no gloves)
Will    .....                    (no boots)
Stlth   ++........               (no amulet)
HPRegen 0.04/turn                (no ring)
MPRegen 0.08/turn                (no ring)

@: no status effects
A: AC +4, unfitting armour, cold-blooded
a: no special abilities


You were on level 1 of the Dungeon.
You visited 1 branch of the dungeon, and saw 1 of its levels.

Inventory:

Potions
 a - a potion of magic


   Skills:
 + Level 1.7 Dodging
 + Level 1.7 Stealth
 + Level 2.0 Spellcasting
 + Level 4.0 Summonings


You had 3 spell levels left.
You knew the following spells:

 Your Spells              Type           Power      Damage    Failure   Level
a - Summon Small Mammal   Summ           52%        N/A       4%          1

Your spell library contained the following spells:

 Spells                   Type           Power      Damage    Failure   Level
 Call Imp                 Summ           13%        N/A       6%          2
 Call Canine Familiar     Summ           13%        N/A       13%         3
 Summon Guardian Golem    Hex/Summ       7%         N/A       28%         3
 Summon Lightning Spire   Summ/Air       7%         N/A       67%         4


Dungeon Overview and Level Annotations

Branches:
Dungeon (1/15)

Altars:


Innate Abilities, Weirdness & Mutations

Your plain brown scales are hard. (AC +4)
You cannot fit into any form of body armour.
You are cold-blooded and may be slowed by cold attacks.


Message History

The hobgoblin hits you but does no damage.
You hit the hobgoblin.
The hobgoblin is moderately wounded.
The hobgoblin misses you.
You closely miss the hobgoblin.
The hobgoblin is moderately wounded.
The hobgoblin hits you but does no damage.
You hit the hobgoblin but do no damage.
Your tail-slap misses the hobgoblin.
The hobgoblin is moderately wounded.
The hobgoblin hits you but does no damage.
You closely miss the hobgoblin.
The hobgoblin is moderately wounded.
The hobgoblin closely misses you.
You closely miss the hobgoblin.
The hobgoblin is moderately wounded.
The hobgoblin closely misses you.
You closely miss the hobgoblin.
Your tail-slap misses the hobgoblin.
The hobgoblin is moderately wounded.
The hobgoblin hits you but does no damage.
The hobgoblin barely misses you. The hobgoblin misses you.
The hobgoblin hits you.
You see here 11 gold pieces.
A quokka comes into view.
Found a grey potion.
The hobgoblin closely misses you. The hobgoblin attacks as you move away!
The hobgoblin hits you but does no damage.
A quokka comes into view.
The hobgoblin hits you. The hobgoblin barely misses you.
The hobgoblin closely misses you. The hobgoblin hits you.
* * * LOW HITPOINT WARNING * * *
The hobgoblin hits you.
* * * LOW HITPOINT WARNING * * *
You see here 11 gold pieces.
The quokka closely misses you. The hobgoblin hits you.
* * * LOW HITPOINT WARNING * * *
The quokka misses you. The hobgoblin hits you.
You die...

#........##.#.# ...
#........##.#.####.###.
#........'.............
#........###+###'###+##
#.###....# #...#...# #
#≈#....# #~.≈#..≈#
#.#≈#....##. #~.~#.≈≈#
#.#≈#....##.. #~.~#≈§≈#
#..≈rr@..##...#~.~#≈§.#
...#..~.g..###...#~.~#≈.§#
......~....# #...#...#...#
.....###...# #...........#
.!... ...### #...........#
+........# #...........#
.........# #...........# .
........ #.....<.....#
##...... #...........#


You could see 2 quokkas and a hobgoblin.

Vanquished Creatures
  A rat (D:1)
1 creature vanquished.

Notes
Turn   | Place    | Note
-------+----------+-------------------------------------------
     0 | D:1      | cheeselord the Draconian Summoner began the quest for the
                  | Orb.
     0 | D:1      | Reached XP level 1. HP: 14/14 MP: 3/3
    65 | D:1      | Slain by a hobgoblin

Illustrated notes

Levels and vault maps discovered:
D:1:      lightli_arrival_quake, layout_basic, serial_rivers,
          chequers_serial_rivers_small_a, chequers_serial_rivers_micro_b,
          chequers_serial_rivers_micro_d, chequers_serial_rivers_micro_d,
          chequers_serial_rivers_small_a, chequers_serial_rivers_marsh,
          grunt_decor_arrowhead, minmay_pentomino_x2

Action                   || total
-------------------------++-------
Melee: Unarmed           ||    13
       Tailslap          ||     1
Armor: Skin              ||     6
Dodge: Dodged            ||    17

Table legend: (Time is in decaauts)
 A = Elapsed time spent in this place.
 B = Non-inter-level travel time spent in this place.
 C = Inter-level travel time spent in this place.
 D = Time resting spent in this place.
 E = Time spent auto-exploring this place.
 F = Levels seen in this place.
 G = Mean time per level.
                   A        B        C        D        E       F      G
               +--------+--------+--------+--------+--------+-----+--------+
         Total |     65 |     65 |      0 |      0 |      0 |   1 |   65.0 |
       Dungeon |     65 |     65 |      0 |      0 |      0 |   1 |   65.0 |
               +--------+--------+--------+--------+--------+-----+--------+

Top non-repeatable levels by time:
     D:1: 65 daAuts
